 Dungeon Crawl Stone Soup version 0.28.0-45-g0d030f2227 (webtiles) character file.

Game seed: 5055620618692266798

8 101zpm the Chiller (level 2, -1/20 HPs)
             Began as a Draconian Ice Elementalist on Apr 18, 2022.
             Slain by a dart slug (3 damage)
             ... on level 1 of the Dungeon.
             The game lasted 00:00:43 (388 turns).

101zpm the Chiller (Draconian Ice Elementalist)      Turns: 388, Time: 00:00:44

Health: -1/20      AC:  4    Str: 10    XL:     2   Next: 0%
Magic:  0/5        EV: 12    Int: 15    God:
Gold:   0          SH:  0    Dex: 11    Spells: 4/5 levels left

rFire   . . .      SeeInvis .   (no weapon)
rCold   . . .      Faith    .   (no shield)
rNeg    . . .      Spirit   .   (armour unavailable)
rPois   .          Reflect  .   (helmet restricted)
rElec   .          Harm     .   (no cloak)
rCorr   .          Rampage  .   (no gloves)
Will    .....                   (no boots)
Stlth   ++........              (no amulet)
HPRegen 0.06/turn               (no ring)
MPRegen 0.09/turn               (no ring)

@: no status effects
A: AC +4, unfitting armour, cold-blooded
a: no special abilities


You were on level 1 of the Dungeon.
You visited 1 branch of the dungeon, and saw 2 of its levels.

You aren't carrying anything.


   Skills:
 + Level 1.8 Dodging
 + Level 1.7 Stealth
 + Level 2.0 Spellcasting
 + Level 4.4 Ice Magic


You had 4 spell levels left.
You knew the following spells:

 Your Spells              Type           Power      Damage    Failure   Level
a - Freeze                Ice            56%        1d7       3%          1

Your spell library contained the following spells:

 Spells                   Type           Power      Damage    Failure   Level
 Frozen Ramparts          Ice            28%        1d4       11%         3
 Ozocubu's Armour         Ice            14%        N/A       11%         3
 Hailstorm                Conj/Ice       8%         3d4       65%         4


Dungeon Overview and Level Annotations

Branches:
Dungeon (2/15)

Altars:

Annotations:
D:2 Sigmund


Innate Abilities, Weirdness & Mutations

Your plain brown scales are hard. (AC +4)
You cannot fit into any form of body armour.
You are cold-blooded and may be slowed by cold attacks.


Message History

The goblin is heavily wounded.
The goblin barely misses you.
You don't have enough magic to cast this spell.
You don't have enough magic to cast this spell.
Unknown command.
You barely miss the goblin.
The goblin is heavily wounded.
The dart slug bites you but does no damage.
The goblin misses you.
You closely miss the goblin.
Your tail-slap misses the goblin.
The goblin is heavily wounded.
The goblin hits you with a +0 club.
* * * LOW HITPOINT WARNING * * *
The dart slug bites you.
* * * LOW HITPOINT WARNING * * *
You are too injured to fight recklessly!
You see here a scroll labelled IMONKO ZEIROURGH.
You barely miss the goblin.
The goblin is heavily wounded.
The goblin hits you but does no damage.
You hit the goblin but do no damage.
The goblin is heavily wounded.
The goblin hits you with a +0 club.
* * * LOW HITPOINT WARNING * * *
You closely miss the goblin.
The goblin is heavily wounded.
The goblin closely misses you.
You hit the goblin but do no damage.
The goblin is heavily wounded.
The goblin hits you but does no damage.
You hit the goblin.
You kill the goblin!
You have reached level 2!
Aiming: Freeze (safe; 3% risk of failure)
Press: ? - help, Q - select action Shift-Dir - straight line, f - dart slug
Aim: a dart slug You freeze the dart slug.
The dart slug is heavily wounded.
The dart slug bites you.
You die...

# #. ##########
#.######.........
##...........####
.....(###.#..#####.#
###.#.# #.#........#
...#.# #.##.#####.#
#####)###.##.####.# ##
#..##..#....@###.#
##.....######w#..#
######'###+## ##?# #
....#.......# #.#.##
.>..'.......# #.†..#
....#.⌠.8.⌠.#....$.....#
#'###.......#####.......#
#'###.......# ##...)...#
...########## ##...##.#


You could see a dart slug.

Vanquished Creatures
  A dart slug (D:1)
  2 goblins (D:1)
  2 jackals (D:1)
5 creatures vanquished.

Notes
Turn   | Place    | Note
-------+----------+-------------------------------------------
     0 | D:1      | 101zpm the Draconian Ice Elementalist began the quest for
                  | the Orb.
     0 | D:1      | Reached XP level 1. HP: 14/14 MP: 3/3
    10 | D:2      | Noticed Sigmund
   388 | D:1      | Reached XP level 2. HP: 2/20 MP: 1/5
   388 | D:1      | Slain by a dart slug

Illustrated notes

Levels and vault maps discovered:
D:1:      dpeg_arrival_simpleton_b, layout_loops_ring,
          hellmonk_ecumenical_altar_run_dry, chequers_serial_rivers_large_a
D:2:      layout_rooms, nicolae_grassy_gnolls, uniq_sigmund

Action                   || total
-------------------------++-------
Melee: Unarmed           ||    17
       Tailslap          ||     2
 Cast: Freeze            ||     5
Armor: Skin              ||     4
Dodge: Dodged            ||    11
